 Dungeon Crawl Stone Soup version 0.21-a0-442-g848f44b (webtiles) character file.

963 KristoblXynda the Slasher (level 7, -7/57 HPs)
             Began as a Yellow Draconian Fighter on Nov 14, 2017.
             Was an Initiate of Ashenzari.
             Mangled by an ogre
             ... wielding a +0 giant club
              (24 damage)
             ... on level 5 of the Dungeon.
             The game lasted 00:07:24 (4555 turns).

KristoblXynda the Slasher (DrFi)                    Turns: 4555, Time: 00:07:25

Health: -7/57      AC:  6    Str: 18    XL:     7   Next: 92%
Magic:  7/7        EV: 11    Int: 10    God:    Ashenzari [......]
Gold:   164        SH: 10    Dex: 15    Spells: 6/6 levels left

rFire    . . .     SeeInvis .   a - +1 long sword
rCold    . . .     Gourm    .   b - +0 shield
rNeg     . . .     Faith    .   (armour unavailable)
rPois    .         Spirit   .   (helmet restricted)
rElec    .         Reflect  .   (no cloak)
rCorr    +         Harm     .   (no gloves)
MR       .....                  (no boots)
Stlth    +.........             (no amulet)
HPRegen  0.19/turn              y - +4 ring of dexterity
MPRegen  0.10/turn              (no ring)

@: short of breath
A: spit acid, acid resistance, unfitting armour, cold-blooded, AC +6
a: Breathe Acid, Curse Item, Renounce Religion


You were on level 5 of the Dungeon.
You worshipped Ashenzari.
Ashenzari was noncommittal.
You were not hungry.

You visited 2 branches of the dungeon, and saw 6 of its levels.

You collected 164 gold pieces.

Inventory:

Hand Weapons
 a - a +1 long sword (weapon)
Armour
 b - a +0 shield (worn)
 j - a +2 large shield
Jewellery
 y - a +4 ring of dexterity (left hand)
Scrolls
 e - a scroll of identify
 k - 3 scrolls of amnesia
 o - 2 scrolls of teleportation
 p - 2 scrolls of fog
 q - a scroll of magic mapping
 r - a scroll of immolation
Potions
 c - a potion of might
 g - a potion of agility
 i - a potion of ambrosia
 l - a potion of haste
 m - a potion of lignification
 n - a potion of brilliance {unknown}
 u - 2 potions of mutation
Comestibles
 d - 4 bread rations
 f - a meat ration
 h - 3 royal jellies
 s - 5 chunks of flesh
 v - 2 fruits


   Skills:
 - Level 3.2 Fighting
 * Level 7.7 Long Blades
 - Level 2.6 Dodging
 + Level 6.0 Shields


You had 6 spell levels left.
You didn't know any spells.

Dungeon Overview and Level Annotations

Branches:
Dungeon (5/15)             Temple (1/1) D:4

Altars:
Ashenzari
Dithmenos
Elyvilon
Fedhas
Gozag
Makhleb
Qazlal
Sif Muna
Trog
Uskayaw
Vehumet
Xom
Yredelemnul
Zin


Innate Abilities, Weirdness & Mutations

You can spit globs of acid.
You are resistant to acid.
Your golden yellow scales are hard. (AC +6)
You cannot fit into any form of body armour.
You are cold-blooded and may be slowed by cold attacks.


Message History

You slash the ogre!
You tail-slap the ogre, but do no damage.
The ogre is heavily wounded.
You block the ogre's attack.
You slash the ogre!
The ogre is almost dead.
You block the ogre's attack.
You completely miss the ogre.
The ogre is almost dead.
The ogre hits you with a giant club!
You barely miss the ogre.
The ogre is almost dead.
You hit the ogre.
The ogre is almost dead.
The ogre hits you with a giant club!
* * * LOW HITPOINT WARNING * * *
You completely miss the ogre.
Your tail-slap misses the ogre.
The ogre is almost dead.
The ogre hits you with a giant club!!
You die...

## ##### ... ..... #<# #..
#.#############..
##########.##..........#..
#....(.....##..........#..
##..........##..........#..
#...=....O@.##..........#..
....#######.##.......[.....
. #.##........)....
#######.##...[.........
.......................
#######.##########...##
#.......# #...# #######.#
#...# #(..#


You could see an ogre.

Vanquished Creatures
  Prince Ribbit (D:5)
  A sky beast (D:5)
  An ice beast (D:5)
  An ogre (D:5)
  A phantom (D:4)
  A howler monkey (D:4)
  2 hounds
  2 orc priests
  An orc wizard (D:5)
  2 worker ants
  2 hound skeletons
  5 adders
  An ooze (D:1)
  2 worms
  2 dart slugs
  6 leopard geckos
  13 orcs
  7 giant cockroaches
  10 goblins
  6 hobgoblins
  4 jackals (D:3)
  6 kobolds
  3 quokkas
  7 bats
  2 frilled lizards
  10 rats
99 creatures vanquished.

Vanquished Creatures (others)
  A plant (D:1)
1 creature vanquished.

Grand Total: 100 creatures vanquished

Notes
Turn   | Place    | Note
-------+----------+-------------------------------------------
     0 | D:1      | KristoblXynda the Draconian Fighter began the quest for the Orb.
     0 | D:1      | Reached XP level 1. HP: 19/19 MP: 1/1
   116 | D:1      | Reached XP level 2. HP: 20/26 MP: 2/2
   645 | D:1      | Reached skill level 3 in Long Blades
   836 | D:1      | Reached XP level 3. HP: 26/31 MP: 3/3
  1720 | D:3      | Found a blossoming altar of Fedhas.
  1728 | D:3      | Reached XP level 4. HP: 38/38 MP: 4/4
  1834 | D:3      | Reached skill level 4 in Long Blades
  2428 | D:3      | Reached XP level 5. HP: 45/45 MP: 5/5
  2783 | D:4      | Noticed a phantom
  2859 | D:4      | Killed a phantom
  2859 | D:4      | Reached skill level 5 in Long Blades
  2859 | D:4      | Reached XP level 6. HP: 32/51 MP: 6/6
  2866 | D:4      | Found a staircase to the Ecumenical Temple.
  2890 | Temple   | Entered the Ecumenical Temple
  3085 | Temple   | Became a worshipper of Ashenzari the Shackled
  3438 | D:4      | Found a bloodstained altar of Trog.
  3455 | D:4      | Found a shimmering altar of Xom.
  3455 | D:4      | Found a glowing silver altar of Zin.
  3459 | D:4      | Found a stormy altar of Qazlal.
  3459 | D:4      | Found a stormy altar of Qazlal.
  3459 | D:4      | Found a radiant altar of Vehumet.
  3773 | D:5      | Entered Level 5 of the Dungeon
  3797 | D:5      | Noticed a sky beast
  3812 | D:5      | Killed a sky beast
  3812 | D:5      | Reached skill level 6 in Long Blades
  3812 | D:5      | Reached skill level 5 in Shields
  4004 | D:5      | Your scales start taking on a golden yellow colour.
  4004 | D:5      | Reached XP level 7. HP: 24/57 MP: 7/7
  4442 | D:5      | Reached skill level 7 in Long Blades
  4541 | D:5      | Noticed Prince Ribbit
  4549 | D:5      | Killed Prince Ribbit
  4555 | D:5      | Mangled by an ogre

Vault maps used:
D:1:      ncdulo_wetmaze, serial_bayou_ford_a
D:3:      first_bread, minivault_25, fedhas_altar_fruit_tree
D:4:      doesnt_xom_only_xom, minmay_temple_entry_overgrown,
          kennysheep_generic_room_5
D:5:      lemuel_ice_spiral_2, lemuel_coloured_pillars_altar, hex_intersection,
          uniq_prince_ribbit1
Temple:   minmay_temple_curvy_loop

Skill      XL: |  1  2  3  4  5  6  7 |
---------------+----------------------+-----
Long Blades    | 3 4 5 6 7 |  7.7
Shields        | 4 5 6 |  6.0
Fighting       | |  3.2
Dodging        | |  2.6

Action                   |  1- 3 |  4- 6 |  7- 9 || total
-------------------------+-------+-------+-------++-------
Melee: Long sword        |   120 |   181 |    30 ||   331
       Tailslap          |    13 |    28 |     7 ||    48
 Abil: Breathe Acid      |       |       |     4 ||     4
  Use: Scroll            |       |    15 |     2 ||    17
 Stab: Sleeping          |       |     1 |       ||     1
  Eat: Chunk             |     3 |     6 |     3 ||    12
       Fruit             |       |     1 |       ||     1
Armor: Skin              |    35 |    42 |     4 ||    81
Dodge: Dodged            |    52 |    70 |     8 ||   130
Block: Shield            |    63 |    96 |    12 ||   171
       Rpst.: Long sword |    17 |    22 |     2 ||    41

Table legend:
 A = Spawn XP
 B = Non-spawn XP
 C = Spawn XP percentage of total XP
 D = Spawn monster count
 E = Non-spawn monster count
 F = Spawn count percentage of total count
 G = Total turns spent on level
                    A         B        C        D         E        F      G
               +---------+---------+-------+---------+---------+-------+---------
         Total |       0 |    1377 |   0.0 |       0 |      99 |   0.0 |  4555
               +---------+---------+-------+---------+---------+-------+---------
           D:1 |       0 |      43 |   0.0 |       0 |      20 |   0.0 |  1053
           D:2 |       0 |      52 |   0.0 |       0 |      18 |   0.0 |   654
           D:3 |       0 |     135 |   0.0 |       0 |      33 |   0.0 |   829
           D:4 |       0 |     306 |   0.0 |       0 |      14 |   0.0 |  1011
           D:5 |       0 |     841 |   0.0 |       0 |      14 |   0.0 |   782
               +---------+---------+-------+---------+---------+-------+---------
